 Dungeon Crawl Stone Soup version 0.26-b1-32-g5d43845318 (webtiles) character file.

Game seed: 3404551916602338325

126 jmlagarto the Conjurer (level 5, -3/31 HPs)
             Began as an Octopode Conjurer on Jan 11, 2021.
             Slain by a gnoll
             ... wielding a +0 spear
              (5 damage)
             ... on level 2 of the Dungeon.
             The game lasted 00:04:20 (2876 turns).

jmlagarto the Conjurer (Octopode Conjurer)          Turns: 2876, Time: 00:04:20

Health: -3/31      AC:  1    Str:  7    XL:     5   Next: 9%
Magic:  4/8        EV: 13    Int: 21    God:
Gold:   180        SH:  0    Dex: 10    Spells: 8/9 levels left

rFire    . . .     SeeInvis .   b - +0 dagger (drain)
rCold    . . .     Faith    .   (no shield)
rNeg     . . .     Spirit   .   (helmet restricted)
rPois    .         Reflect  .   (no amulet)
rElec    .         Harm     .   a - ring of resist corrosion
rCorr    +         Rampage  .   k - ring of stealth
Will     .....                  (no ring)
Stlth    ++++......             (no ring)
HPRegen  0.10/turn              (no ring)
MPRegen  0.11/turn              (no ring)
                                (no ring)
                                (no ring)

@: flying
A: almost no armour, stealthy swim, amphibious, 8 rings, constrict 8, camouflage
1, gelatinous body 1
a: no special abilities


You were on level 2 of the Dungeon.
You visited 1 branch of the dungeon, and saw 2 of its levels.

You collected 180 gold pieces.

Inventory:

Hand Weapons
 b - a +0 dagger of draining (weapon)
Missiles
 h - 7 poisoned darts (quivered)
Jewellery
 a - a ring of resist corrosion (left tentacle)
 k - a ring of stealth (right tentacle)
Scrolls
 e - a scroll of fog {unknown}
 f - 3 scrolls of teleportation {unknown}
 i - a scroll of fear {unknown}
 j - a scroll of magic mapping {unknown}
Potions
 c - 2 potions of heal wounds {unknown}
 d - 2 potions of flight
 g - a potion of degeneration {unknown}


   Skills:
 + Level 0.2 Fighting
 + Level 0.2 Short Blades
 + Level 1.1 Throwing
 + Level 2.8 Dodging
 + Level 3.0 Stealth
 + Level 2.6 Spellcasting
 + Level 5.1 Conjurations


You had 8 spell levels left.
You knew the following spells:

 Your Spells              Type           Power        Failure   Level
a - Magic Dart            Conj           96%          1%          1

Your spell library contained the following spells:

 Spells                   Type           Power        Failure   Level
 Searing Ray              Conj           48%          2%          2
 Dazzling Flash           Conj/Hex       26%          14%         3
 Fulminant Prism          Conj/Hex       6%           43%         4
 Iskenderun's Mystic Bla  Conj/Tloc      13%          43%         4


Dungeon Overview and Level Annotations

Branches:
Dungeon (2/15)

Altars:


Innate Abilities, Weirdness & Mutations

You cannot wear most types of armour.
You are very stealthy in the water. (Stealth+)
You are amphibious.
You can wear up to eight rings at the same time.
You can use your tentacles to constrict eight enemies at once.
Your skin changes colour to match your surroundings (Stealth+).
Your rubbery body absorbs attacks. (AC +1, EV +1)


Message History

Aiming: Magic Dart (safe; 1% risk of failure)
Press: ? - help, Shift-Dir - straight line, f/p - gnoll
Aim: a gnoll, wielding a +0 spear (heavily wounded, 0% to evade)
The magic dart hits the gnoll but does no damage.
The gnoll is heavily wounded.
The gnoll misses you.
Casting: Magic Dart (safe; 1% risk of failure)
Confirm with . or Enter, or press ? or * to list all spells.
Aiming: Magic Dart (safe; 1% risk of failure)
Press: ? - help, Shift-Dir - straight line, f/p - gnoll
Aim: a gnoll, wielding a +0 spear (heavily wounded, 0% to evade)
The magic dart hits the gnoll.
The gnoll is heavily wounded.
The gnoll hits you from afar with a +0 spear!
* * * LOW HITPOINT WARNING * * *
It was a potion of flight.
You feel very buoyant.
You fly up into the air.
The gnoll hits you from afar with a +0 spear.
You die...

......##.#
#.............#
......##.#
#.#############
.#######.# #.#
.#
###.##########.#
.#
#..............#
.#
#.#.......######
######### .#
#.#######.#
#..g(g.g. .# #.#
#.########.#
.#####.#
#.)@(g.(..(#
.>.....#
############
########


You could see a gnoll.

Vanquished Creatures
  Jessica (D:2)
  2 gnolls (D:2)
  2 adders (D:2)
  4 dart slugs (D:1)
  3 leopard geckos
  6 bats
  4 giant cockroaches (D:1)
  A hobgoblin (D:1)
  A quokka (D:2)
  A ball python (D:2)
  A frilled lizard (D:2)
  12 goblins
  9 kobolds
  5 rats
52 creatures vanquished.

Notes
Turn   | Place    | Note
-------+----------+-------------------------------------------
     0 | D:1      | jmlagarto the Octopode Conjurer began the quest for the
                  | Orb.
     0 | D:1      | Reached XP level 1. HP: 11/11 MP: 3/3
   118 | D:1      | Reached XP level 2. HP: 10/17 MP: 5/5
   284 | D:1      | You fall into a shaft and drop 1 floor!
   609 | D:2      | Reached XP level 3. HP: 21/21 MP: 3/6
   747 | D:2      | Noticed Jessica
   749 | D:2      | Killed Jessica
   842 | D:1      | Reached XP level 4. HP: 27/27 MP: 3/7
  1606 | D:1      | Reached skill level 5 in Conjurations
  2867 | D:2      | Reached XP level 5. HP: 26/31 MP: 8/8
  2872 | D:2      | Reached skill level 1 in Throwing
  2876 | D:2      | Slain by a gnoll

Illustrated notes

Levels and vault maps discovered:
D:1:      evilmike_arrival_rings, layout_basic, hangedman_feature_mirror
D:2:      layout_loops_ring, minmay_tetromino_i4, uniq_jessica

Skill      XL: |  1  2  3  4  5 |
---------------+----------------+-----
Stealth        | 3 |  3.0
Conjurations   | 5 |  5.1
Throwing       | 1 |  1.1
Fighting       | |  0.2
Short Blades   | |  0.2
Dodging        | |  2.8
Spellcasting   | |  2.6

Action                   |  1- 3 |  4- 6 || total
-------------------------+-------+-------++-------
Melee: Unarmed           |     6 |       ||     6
       Dagger            |     5 |     9 ||    14
       Constrict         |     2 |     3 ||     5
       Tentacles         |     1 |     2 ||     3
Throw: Dart              |       |    26 ||    26
 Cast: Magic Dart        |    35 |    61 ||    96
  Use: Potion            |       |     1 ||     1
Armor: Skin              |     1 |     1 ||     2
Dodge: Dodged            |     7 |    29 ||    36
